Celery, chaotic female sylph Rogue ---------- |........| |........| |...<....|------------ |........|..>..|.....----- |........|.....+```......| |..----+-|.....|....`..`.| |---..|.|-.---.----.----.| |..^^.|^|....|..| |...`..| |..|..|^|.....f.---......| --.|..`^|....E-`.........| |.|....|.---.f.---.------ |.------............| |..............------ |..------------- ---- Celery the Rogue Experience level: 7 Strength: 16 Dexterity: 20 Constitution: 14 Intelligence: 10 Wisdom: 7 Charisma: 11 Health: 0(52) Energy: 25(25) Def: 0 Gold: 123 Moves: 5530 Dungeon seed: Gns-AR2XdEOcYM-u Game ID: Celery_1469538037 Your Inventory: Coins $ - 123 gold pieces Weapons b - 10 uncursed +0 daggers (in quiver) M - the blessed +0 Sting (weapon in hand) R - 4 uncursed +0 darts Armor c - a cursed -1 mummy wrapping r - an uncursed +0 dwarvish cloak (being worn) z - an uncursed -1 pair of levitation boots Comestibles O - an uncursed eucalyptus leaf Rings P - an uncursed ring of free action Wands h - an uncursed wand of opening (0:3) A - an uncursed wand of polymorph (0:7) Q - an uncursed wand of lightning (0:3) T - an uncursed wand of sleep (0:4) U - a blessed wand of nothing (0:3) X - an uncursed wand of magic missile (0:4) Y - an uncursed wand of magic missile (0:7) Z - an uncursed wand of slow monster (0:3) Tools f - an uncursed skeleton key k - an uncursed mirror o - an uncursed oil lamp (0:1164) s - an uncursed bag of holding w - an uncursed magic whistle V - an uncursed sack Gems e - 3 uncursed worthless pieces of violet glass n - an uncursed obsidian stone q - an uncursed worthless piece of blue glass y - an uncursed fluorite stone D - 3 uncursed worthless pieces of yellowish brown glass N - an uncursed jasper stone Contents of the bag of holding: 383 gold pieces an uncursed scroll of confuse monster an uncursed scroll of earth a cursed scroll of earth an uncursed scroll of enchant armor an uncursed scroll of enchant weapon an uncursed scroll of gold detection an uncursed scroll of light an uncursed scroll of remove curse an uncursed scroll of scare monster an uncursed scroll of taming an uncursed scroll of teleportation an uncursed spellbook of create monster an uncursed spellbook of cure sickness a cursed spellbook of extra healing an uncursed potion of gain ability 2 uncursed potions of gain energy a cursed potion of gain energy an uncursed potion of healing an uncursed potion of sickness an uncursed potion of sleeping Spells and supernatural/magical abilities: Name Level Category Fail Memory K - cure sickness 3 healing 60% 96% O - create monster 2 clerical 100% 87% W - pray for help -- divine ? -- Your skills at the end: Miscellaneous Skills wands [Basic] Weapon Skills dagger [Expert] short sword [Basic] Spellcasting Skills healing spells [Basic] Final Attributes: You were piously aligned. You saw invisible. You were aware of the presence of orcs. You had infravision. You were displaced. You were stealthy. You were protected from shape changers. You are dead. Vanquished creatures: a small mimic a giant beetle 3 wolves a leprechaun a lizard a gold golem a jaguar a dwarf lord 2 gnome mummies 5 Mordor orcs 2 Uruk-hai 2 rock moles a rock piercer a violet fungus a gray ooze 5 giant ants a little dog 3 floating eyes 2 kobold lords a kobold shaman 2 iguanas a centipede a giant bat 8 orc zombies a wererat a hobbit 2 acid blobs a large kobold 5 geckos 2 cave spiders a brown mold a red mold a gnome 10 manes a gnome zombie 10 jackals a fox 4 newts 3 sewer rats 3 grid bugs 4 bats 5 lichens a kobold zombie 105 creatures vanquished. Voluntary challenges: You were vegetarian. You did not adorn yourself with jewelry or accessories. You used a wielded weapon 134 times, starting on turn 1285. You did not apply a unicorn horn. You read items or engraved 23 times, starting on turn 833. You never genocided any monsters. You never polymorphed an object. You never changed form. You used no wishes. You never split a pudding. You never wrote Elbereth's name. You never violated your personal moral code. Dungeon overview: The Dungeons of Doom: levels 1 to 7 Level 1 a fountain a long staircase Level 2 some fountains Level 3 a long staircase Level 4 Level 5 a fountain Level 6 many fountains Level 7 a general store, an altar to Mog, a fountain, a sink stairs to Sokoban Sokoban: levels 5 to 6 Level 5 <- You were here Level 6 a magic chest stairs to The Dungeons of Doom History has recorded: On T:1 you entered the Dungeons of Doom to retrieve the Amulet of Yendor! On T:290 you reached level 2 of The Dungeons of Doom. On T:666 you reached level 3 of The Dungeons of Doom. On T:770 you advanced to experience level 2. On T:1098 you reached level 4 of The Dungeons of Doom. On T:1285 you advanced to experience level 3. On T:1606 you reached level 5 of The Dungeons of Doom. On T:1895 you advanced to experience level 4. On T:2018 you reached level 6 of The Dungeons of Doom. On T:2158 you advanced to experience level 5. On T:2159 you received advice from The Oracle. On T:2159 you advanced to experience level 6. On T:2600 you reached level 7 of The Dungeons of Doom. On T:3792 you advanced to experience level 7. On T:4503 you reached level 4 of Sokoban. On T:4592 you opened a magic chest. On T:4606 you opened a magic chest. On T:4606 you opened a magic chest. On T:5019 you reached level 3 of Sokoban. Score breakdown: Gold: 506 ( 50 points) Experience: 7 levels ( 600 points) Exploration: 7 levels ( 180 points) Discoveries: 12 items ( 600 points) Variety of kills: 43 monsters ( 2000 points) Major goal: (nothing yet) ( 0 points) Survival: died (score multiplied by 3) Total score: 10290 Latest messages: You hear a monster behind the boulder. Perhaps that's why you cannot move it. You hear a monster behind the boulder. Perhaps that's why you cannot move it. You stab the rock piercer! You kill the rock piercer! With great effort you move the boulder. The jaguar claws you! (2x) The jaguar bites! You stab the jaguar. The jaguar claws you! (2x) The jaguar bites! You stab the jaguar! The jaguar claws you! (2x) The jaguar bites! You stab the jaguar! The jaguar claws you! (2x) The jaguar bites! You stab the jaguar. The jaguar claws you! (2x) The jaguar bites! The jaguar claws you! (2x) The jaguar bites! You die... The sack is empty. Final status: Goodbye Celery the Rogue, killed by a jaguar... You died in Sokoban on dungeon level 5 with 10290 points, and 506 pieces of gold, after 5530 moves. You were level 7 with a maximum of 52 hit points when you died.